 Dungeon Crawl Stone Soup version 0.21-a0-140-g479285b (webtiles) character file.

113 Manul the Sneak (level 4, -3/30 HPs)
             Began as an Octopode Assassin on July 21, 2017.
             Slain by a gnoll
             ... wielding a +0 flail
              (4 damage)
             ... on level 2 of the Dungeon.
             The game lasted 00:01:22 (1539 turns).

Manul the Sneak (Octopode Assassin)                 Turns: 1539, Time: 00:01:23

Health: -3/30      AC:  1    Str: 10    XL:     4   Next: 96%
Magic:  4/4        EV: 13    Int: 13    God:
Gold:   34         SH:  0    Dex: 14    Spells: 3/3 levels left

rFire    . . .     SeeInvis .   j - +1 dagger (drain)
rCold    . . .     Gourm    .   (no shield)
rNeg     . . .     Faith    .   (helmet restricted)
rPois    .         Spirit   .   (no amulet)
rElec    .         Reflect  .   m - ring of stealth
rCorr    .         Harm     .   (no ring)
MR       .....                  (no ring)
Stlth    ++++++....             (no ring)
HPRegen  0.10/turn              (no ring)
MPRegen  0.09/turn              (no ring)
                                (no ring)
                                (no ring)

@: no status effects
A: almost no armour, stealthy swim, amphibious, 8 rings, constrict 8, camouflage
1, gelatinous body 1
a: no special abilities


You were on level 2 of the Dungeon.
You were hungry.

You visited 1 branch of the dungeon, and saw 3 of its levels.

You collected 34 gold pieces.

Inventory:

Hand Weapons
 a - a +2 dagger
 b - a +0 blowgun
 j - a +1 dagger of draining (weapon)
Missiles
 c - 27 poisoned needles
 d - 2 curare-tipped needles
 k - 5 needles of confusion
Jewellery
 m - a ring of stealth (left tentacle)
Wands
 r - a wand of random effects (26/48)
Scrolls
 e - 3 scrolls of identify {unknown}
 h - a scroll of fear {unknown}
 i - a scroll of teleportation {unknown}
 n - 2 scrolls of magic mapping {unknown}
Potions
 g - a potion of berserk rage {unknown}
 o - a potion of brilliance {unknown}
 p - a potion of heal wounds
Comestibles
 f - 2 bread rations
 l - a fruit


   Skills:
 + Level 2.4 Fighting
 + Level 2.4 Short Blades
 + Level 2.2 Throwing
 + Level 1.3 Dodging
 + Level 7.6 Stealth


You had 3 spell levels left.
You didn't know any spells.

Dungeon Overview and Level Annotations

Branches:
Dungeon (3/15)

Altars:
Dithmenos

Annotations:
D:2 1 runed door, Natasha


Innate Abilities, Weirdness & Mutations

You cannot wear most types of armour.
You are very stealthy in the water. (Stealth+)
You are amphibious.
You can wear up to eight rings at the same time.
You can use your tentacles to constrict eight enemies at once.
Your skin changes colour to match your surroundings (Stealth+).
Your rubbery body absorbs attacks. (AC +1, EV +1)


Message History

There is a stone staircase leading down, spattered with blood here.
Natasha hisses angrily.
You hit the gnoll but do no damage. You grab the gnoll. You squeeze the gnoll.
The gnoll is moderately wounded.
You constrict the gnoll, but do no damage.
The gnoll hits you with a spear.
You hit the gnoll.
The gnoll is heavily wounded.
You constrict the gnoll. The gnoll hits you with a spear.
Natasha casts a spell at you. The magic dart hits you!
You are too injured to fight recklessly!
You are too injured to fight recklessly!
You are too injured to fight recklessly!
You release your grip on the gnoll.
The gnoll completely misses you.
The gnoll drinks a potion.
The gnoll is healed!
The gnoll hits you from afar with a spear!
* * * LOW HITPOINT WARNING * * *
The gnoll hits you with a flail.
You die...

.# ..# #..# .# #.# #.## .# #.#
#.## <# #.# .. #..# .# #.## #.
##.# .###..## #.## #.#
....#..####(.# #.#
#...)........# #.#
#.####..####.###@### #.#
##..###..##.gg# ######## #.##
#....#.....>.####.§§...# #..##
##.#....#.##......#§##.## ##..#
#.####....[...###.§§#..#
###.####..#####.####..#§#.#§#.#
................# #..h§§_§§§.#
#####.###.####### #.##§#§#§###
#.###.# ######.###§§§##


You could see Natasha and 2 gnolls.

Vanquished Creatures
  Natasha (twice) (D:2)
  An adder (D:2)
  2 gnolls (D:2)
  A dart slug (D:1)
  A leopard gecko (D:1)
  A ball python (D:2)
  3 giant cockroaches (D:1)
  4 goblins
  4 hobgoblins
  2 jackals (D:1)
  4 kobolds
  2 bats
  3 frilled lizards
  2 rats (D:1)
32 creatures vanquished.

Notes
Turn   | Place    | Note
-------+----------+-------------------------------------------
     0 | D:1      | Manul the Octopode Assassin began the quest for the Orb.
     0 | D:1      | Reached XP level 1. HP: 14/14 MP: 1/1
   147 | D:1      | Reached XP level 2. HP: 14/19 MP: 2/2
   401 | D:1      | Reached skill level 6 in Stealth
   446 | D:1      | Reached XP level 3. HP: 20/25 MP: 3/3
   668 | D:2      | Noticed Natasha
   676 | D:2      | Killed Natasha
   676 | D:2      | Reached XP level 4. HP: 16/30 MP: 4/4
   861 | D:2      | Found a runed door.
   995 | D:2      | Reached skill level 7 in Stealth
  1002 | D:2      | Found a shadowy altar of Dithmenos.
  1052 | D:2      | Noticed Natasha
  1064 | D:2      | Killed Natasha
  1410 | D:2      | Noticed Natasha
  1539 | D:2      | HP: 1/30 [gnoll/spear (11)]
  1539 | D:2      | Slain by a gnoll

Vault maps used:
D:1:      minmay_arrival_semitransparent
D:2:      first_bread, grunt_dithmenos_smoke_and_mirrors, uniq_natasha,
          uniq_crazy_yiuf_cottage
D:3:      regret_index_temple_of_mockery

Skill      XL: |  1  2  3  4 |
---------------+-------------+-----
Stealth        | 6 7 |  7.6
Fighting       | |  2.4
Short Blades   | |  2.4
Throwing       | |  2.2
Dodging        | |  1.3

Action                   |  1- 3 |  4- 6 || total
-------------------------+-------+-------++-------
Melee: Dagger            |    35 |    23 ||    58
       Constrict         |     6 |     4 ||    10
       Tentacles         |     1 |     5 ||     6
 Stab: Sleeping          |    10 |     5 ||    15
  Eat: Chunk             |       |     1 ||     1
Armor: Skin              |     3 |     2 ||     5
Dodge: Dodged            |    12 |    10 ||    22
